 Dungeon Crawl Stone Soup version 0.29.0-13-gc9e81de378 (webtiles) character file.

Game seed: 11515788757776065098

342 freelancePsychic the Shooter (level 7, -2/60 HPs)
             Began as a Meteoran Hunter on Sept 10, 2022.
             Slain by a black bear (6 damage)
             ... on level 4 of the Dungeon.
             The game lasted 00:03:48 (603 turns).

freelancePsychic the Shooter (Meteoran Hunter)       Turns: 603, Time: 00:03:49

Health: -2/60      AC:  3    Str: 12    XL:     7   Next: 12%
Magic:  8/8        EV: 12    Int: 11    God:
Gold:   50         SH:  0    Dex: 20    Spells: 6/6 levels left

rFire   . . .      SeeInvis .   a - +0 shortbow
rCold   . . .      Faith    .   (shield currently unavailable)
rNeg    . . .      Spirit   .   c - +0 leather armour
rPois   .          Reflect  .   (no helmet)
rElec   .          Harm     .   (no cloak)
rCorr   .          Rampage  .   (no gloves)
Will    .....                   (no boots)
Stlth   +.........              (no amulet)
HPRegen 0.20/turn               (no ring)
MPRegen 0.11/turn               (no ring)

@: attractive, glowing
A: sense surroundings 1, otherworldly, glowing, explore regen
a: no special abilities


You were on level 4 of the Dungeon.
You visited 1 branch of the dungeon, and saw 4 of its levels.

You collected 50 gold pieces.

Inventory:

Hand Weapons
 a - a +0 shortbow (weapon)
Armour
 c - a +0 leather armour (worn)
Wands
 f - a wand of paralysis (3)
Scrolls
 b - a scroll of immolation
 d - 2 scrolls of teleportation {unknown}
 e - a scroll of blinking {unknown}
 h - a scroll of summoning {unknown}
 i - a scroll of enchant armour {unknown}
 j - a scroll of identify {unknown}
 k - 4 scrolls of butterflies {unknown}


   Skills:
 + Level 4.3 Fighting
 * Level 7.1 Ranged Weapons
 - Level 2.4 Dodging
 - Level 0.6 Stealth
 + Level 2.0 Evocations


You had 6 spell levels left.
You didn't know any spells.
Your spell library was empty.

Dungeon Overview and Level Annotations

Branches:
Dungeon (4/15) Zot: 1762
 Temple: D:4-7

Altars:
Uskayaw

Annotations:
D:3 Grinder, Sigmund


Innate Abilities, Weirdness & Mutations

You passively map a small area around you.
You are easily found by Zot.
You glow in the dark.
You regain HP and MP as you explore.


Message History

Press: ? - help, Shift-Dir - straight line, f/p - scorpion
Aim: a scorpion (moderately wounded, paralysed, 98% to hit)
You shoot an arrow. The arrow hits the scorpion.
The scorpion is severely wounded.
You feel sick.
Fire: a) +0 shortbow
Press: ? - help, Shift-Dir - straight line, f/p - scorpion
Aim: a scorpion (severely wounded, paralysed, 98% to hit)
You shoot an arrow. The arrow hits the scorpion.
The scorpion is severely wounded.
You feel sick.
Fire: a) +0 shortbow
Press: ? - help, Shift-Dir - straight line, f/p - scorpion
Aim: a scorpion (severely wounded, paralysed, 98% to hit)
You shoot an arrow.
The arrow hits the scorpion but does no damage.
The scorpion is severely wounded.
You feel sick.
Fire: a) +0 shortbow
Press: ? - help, Shift-Dir - straight line, f/p - scorpion
Aim: a scorpion (severely wounded, paralysed, 98% to hit)
You shoot an arrow. The arrow hits the scorpion.
The scorpion is severely wounded.
You feel sick.
You are no longer poisoned.
A giant cockroach comes into view.
The giant cockroach is attracted toward you.
The endoplasm jiggles.
The scorpion is attracted toward you. The black bear is attracted toward you.
The endoplasm is attracted toward you. Something is attracted toward you.
The scorpion is attracted toward you. The black bear is attracted toward you.
The endoplasm is attracted toward you. The black bear is attracted toward you.
The endoplasm is attracted toward you.
The giant cockroach is attracted toward you.
Aiming: Paralyse
Press: ? - help, Shift-Dir - straight line, f/p - scorpion
Aim: a scorpion (severely wounded, paralysed, chance to affect: 54%)
The black bear resists with significant effort.
The black bear bites you.
You die...

* ## #.#
##..., ,
.##.####..., ,
..........# ,
, * .........#
, ,, * #J.#
#..###.# ,, *
* #..#
#......# , , *
*#..# ##.###.#
,
#..####J###.#
* *
,#.BJJB§sh@..#
* , *
#§.#####.#####
* *#J.. #.#
..... #.# ,
...#.# #.# * ,
##..## #)# ##,
#.# * #.# ,*
#.#


You could see a black bear, a scorpion (paralysed), an endoplasm and a giant
cockroach.

Vanquished Creatures
  A black bear (D:4)
  A necrophage (D:4)
  A scorpion (D:4)
  A jelly (D:3)
  Jessica (D:3)
  4 adders
  An orc (D:2)
  6 endoplasms
  3 giant cockroaches
  5 goblins
  A hobgoblin (D:4)
  3 jackals (D:2)
  2 kobolds
  4 ball pythons
  4 bats
  A rat (D:3)
39 creatures vanquished.

Notes
Turn   | Place    | Note
-------+----------+-------------------------------------------
     0 | D:1      | freelancePsychic the Meteoran Hunter began the quest for
                  | the Orb.
     0 | D:1      | Reached XP level 1. HP: 17/17 MP: 2/2
    55 | D:1      | Reached XP level 2. HP: 25/25 MP: 3/3
   182 | D:2      | Reached skill level 5 in Ranged Weapons
   182 | D:2      | Reached XP level 3. HP: 21/30 MP: 4/4
   259 | D:3      | Noticed Sigmund
   260 | D:3      | Noticed Grinder
   264 | D:2      | Reached XP level 4. HP: 26/37 MP: 5/5
   289 | D:3      | Found a hide-covered altar of Uskayaw.
   325 | D:3      | Noticed Jessica
   327 | D:3      | Killed Jessica
   328 | D:3      | Reached XP level 5. HP: 41/45 MP: 6/6
   407 | D:4      | Reached skill level 6 in Ranged Weapons
   408 | D:4      | Noticed a necrophage
   430 | D:4      | Killed a necrophage
   431 | D:4      | Reached XP level 6. HP: 52/52 MP: 7/7
   535 | D:4      | Reached skill level 1 in Evocations
   572 | D:4      | Noticed a black bear
   583 | D:4      | Noticed a black bear
   588 | D:4      | Killed a black bear
   589 | D:4      | Reached skill level 7 in Ranged Weapons
   589 | D:4      | Reached XP level 7. HP: 14/60 MP: 8/8
   599 | D:4      | HP: 3/60 [poisoned by a scorpion]
   603 | D:4      | Slain by a black bear

Illustrated notes

Levels and vault maps discovered:
D:1:      minmay_arrival_radiant_lines, layout_loops_corners,
          minmay_pentomino_v2
D:2:      layout_basic
D:3:      layout_loops_ring, nicolae_uskayaw_murder_on_the_dancefloor,
          uniq_sigmund, uniq_grinder, uniq_jessica
D:4:      layout_loops_ring, minmay_circle_x

Skill      XL: |  1  2  3  4  5  6  7 |
---------------+----------------------+-----
Ranged Weapons | 5 6 7 |  7.1
Fighting       | 3 4 |  4.3
Evocations     | 1 2 |  2.0
Dodging        | |  2.4
Stealth        | |  0.6

Action                   |  1- 3 |  4- 6 |  7- 9 || total
-------------------------+-------+-------+-------++-------
 Fire: Shortbow          |    51 |    78 |     8 ||   137
Evoke: Wand              |       |     2 |     2 ||     4
  Use: Potion            |       |     2 |     1 ||     3
Armor: Leather armour    |    20 |    13 |       ||    33
       Skin              |       |    18 |       ||    18
Dodge: Dodged            |    21 |    16 |     1 ||    38
